 Dungeon Crawl Stone Soup version 0.29.1-2-gbd0b4ee654 (webtiles) character file.

Game seed: 2938521499839984639

1808 warriortoast the Covert (level 8, -3/36 HPs)
             Began as a Spriggan Enchanter on Nov 21, 2022.
             Slain by Menkaure (18 damage)
             ... on level 6 of the Dungeon.
             The game lasted 00:19:12 (9818 turns).

warriortoast the Covert (Spriggan Enchanter)        Turns: 9818, Time: 00:19:12

Health: -3/36      AC:  6    Str: 12    XL:     8   Next: 84%
Magic:  10/19      EV: 20    Int: 17    God:
Gold:   296        SH:  0    Dex: 15    Spells: 12/20 levels left

rFire   . . .      SeeInvis +   a - +2 dagger (venom)
rCold   . . .      Faith    .   (no shield)
rNeg    . . .      Spirit   .   z - +0 robe {Will+}
rPois   .          Reflect  .   (helmet restricted)
rElec   .          Harm     .   (no cloak)
rCorr   .          Rampage  .   (gloves unavailable)
Will    ++...                   (boots unavailable)
Stlth   ++++......              (no amulet)
HPRegen 0.12/turn               f - +6 ring of strength
MPRegen 0.16/turn               i - +4 ring of protection

@: very slightly contaminated, very quick
A: very small, no large weapons, unfitting armour, see invisible, speed 3
a: no special abilities


You were on level 6 of the Dungeon.
You visited 2 branches of the dungeon, and saw 7 of its levels.

You collected 296 gold pieces.

Inventory:

Hand Weapons
 a - a +2 dagger of venom (weapon)
 e - a +0 sling
 x - a +1 dagger
Missiles
 k - 2 throwing nets (quivered)
Armour
 b - a +0 robe
 g - a +0 buckler
 z - a +0 robe of willpower (worn)
Jewellery
 f - a +6 ring of strength (left hand)
 i - a +4 ring of protection (right hand)
Wands
 y - a wand of iceblast (9)
Scrolls
 d - 6 scrolls of identify {unknown}
 j - a scroll of fear {unknown}
 l - 3 scrolls of teleportation {unknown}
 n - 3 scrolls of amnesia {unknown}
 q - a scroll of magic mapping {unknown}
 r - a scroll of enchant armour {unknown}
 s - 3 scrolls of butterflies {unknown}
 w - a scroll of enchant weapon {unknown}
 A - a scroll of acquirement {unknown}
 B - a scroll of noise {unknown}
 C - a scroll of brand weapon {unknown}
 D - 2 scrolls of vulnerability {unknown}
Potions
 c - 2 potions of invisibility
 h - 2 potions of haste {unknown}
 m - 4 potions of heal wounds {unknown}
 o - a potion of cancellation {unknown}
 p - 2 potions of brilliance {unknown}
 t - a potion of attraction {unknown}
 u - 2 potions of mutation {unknown}
 v - a potion of flight {unknown}


   Skills:
 - Level 5.0 Short Blades
 + Level 7.3 Dodging
 + Level 9.3 Stealth
 + Level 6.8 Spellcasting
 + Level 7.3 Hexes


You had 12 spell levels left.
You knew the following spells:

 Your Spells              Type           Power      Damage    Failure   Level
a - Ensorcelled Hibernat  Hex/Ice        36%        N/A       4%          2
b - Confusing Touch       Hex            30%        N/A       1%          3
c - Tukima's Dance        Hex            30%        N/A       1%          3

Your spell library contained the following spells:

 Spells                   Type           Power      Damage    Failure   Level
 Dazzling Flash           Conj/Hex       36%        N/A       8%          3
 Sandblast                Erth           10%        2d5       12%         1
 Passwall                 Tmut/Erth      4%         N/A       19%         2
 Scorch                   Fire           10%        2d5       19%         2
 Stone Arrow              Conj/Erth      10%        3d7       34%         3
 Flame Wave               Conj/Fire      5%         2d5       75%         4
 Summon Cactus Giant      Summ           2%         N/A       100%        6


Dungeon Overview and Level Annotations

Branches:
Dungeon (6/15)             Temple (1/1) D:4

Altars:
Cheibriados
Dithmenos
Elyvilon
Gozag
Hepliaklqana
Kikubaaqudgha
Makhleb
Nemelex Xobeh
Qazlal
Ru
Sif Muna
Uskayaw
Vehumet
Wu Jian
Xom
Yredelemnul
Zin
The Shining One

Shops:
D:4 *

Annotations:
D:6 Menkaure


Innate Abilities, Weirdness & Mutations

You are very small and have problems with some larger weapons.
You are too small for most types of armour.
You have supernaturally acute eyesight. (SInv)
You cover ground extremely quickly. (Speed+++)


Message History

Done exploring.
There is a stone staircase leading down here.
You climb downwards.
Level annotation: Menkaure The orc closely misses you.
There is a stone staircase leading up here.
Casting: Ensorcelled Hibernation (safe; 4% risk of failure)
Confirm with . or Enter, or press ? or * to list all spells.
Aiming: Ensorcelled Hibernation (safe; 4% risk of failure)
Press: ? - help, Shift-Dir - straight line, f - orc
Aim: an orc, wielding a +0 dagger (chance to affect: 68%)
You miscast Ensorcelled Hibernation.
You are very lightly contaminated with residual magic.
Nothing appears to happen.
The orc completely misses you.
Casting: Ensorcelled Hibernation (safe; 4% risk of failure)
Confirm with . or Enter, or press ? or * to list all spells.
Aiming: Ensorcelled Hibernation (safe; 4% risk of failure)
Press: ? - help, Shift-Dir - straight line, f/p - orc
Aim: an orc, wielding a +0 dagger (chance to affect: 68%)
The orc struggles to resist.
The orc closely misses you.
Casting: Ensorcelled Hibernation (safe; 4% risk of failure)
Confirm with . or Enter, or press ? or * to list all spells.
Your hands begin to glow red.
The orc hits you but does no damage.
Menkaure mumbles some strange words.
Menkaure seems to speed up.
You hit Menkaure but do no damage.
Menkaure appears confused.
The orc barely misses you.
Casting: Confusing Touch (safe; 1% risk of failure)
Confirm with . or Enter, or press ? or * to list all spells.
Your hands begin to glow red.
The orc misses you.
Menkaure shouts, "What's happening?!"
Menkaure hits you!!
Ouch! That really hurt!
You hit the orc but do no damage. The orc misses you.
You hit the orc but do no damage.
The orc appears confused.
You hit Menkaure.
Menkaure is lightly damaged.
Menkaure hits you!!
Ouch! That really hurt!
You die...

..# .>.. #..
# #... .#
#...######..#
#..^........
#......#
#...o# #...@#
.......M#
##.##.### ..
... # ....
####


You could see Menkaure (fast, confused) and an orc (confused).

Vanquished Creatures
  Pikel (D:4)
  Eustachio (D:4)
  A hornet zombie (D:5)
  3 black bears
  An ice beast (D:5)
  A phantom (D:5)
  A scorpion (D:4)
  A wyvern zombie (D:5)
  A howler monkey (D:5)
  A bullfrog zombie (D:5)
  2 orc priests (D:5)
  A jelly (D:5)
  3 orc wizards
  A scorpion zombie (D:5)
  Natasha (thrice) (D:4)
  2 hound zombies (D:5)
  Robin (D:4)
  3 adders
  A shadow imp (D:5)
  2 white imps (D:5)
  An ufetubus (D:1)
  2 worms (D:2)
  2 dart slugs
  18 orcs
  8 endoplasms
  10 giant cockroaches
  5 hobgoblins
  4 jackals (D:3)
  7 kobolds
  8 quokkas
  3 ball pythons
  7 bats
  4 frilled lizards (D:1)
  19 goblins
  A rat (D:1)
130 creatures vanquished.

Notes
Turn   | Place    | Note
-------+----------+-------------------------------------------
     0 | D:1      | warriortoast the Spriggan Enchanter began the quest for the
                  | Orb.
     0 | D:1      | Reached XP level 1. HP: 9/9 MP: 5/5
   738 | D:1      | Reached XP level 2. HP: 7/13 MP: 6/6
  1001 | D:1      | Learned a level 2 spell: Ensorcelled Hibernation
  1220 | D:1      | Found a faded altar of an unknown god.
  1952 | D:2      | Reached XP level 3. HP: 6/16 MP: 5/8
  2363 | D:2      | Reached skill level 5 in Stealth
  2375 | D:2      | Learned a level 3 spell: Confusing Touch
  2379 | D:2      | Learned a level 3 spell: Tukima's Dance
  3113 | D:2      | Reached XP level 4. HP: 20/21 MP: 10/10
  3915 | D:3      | Found a shadowy altar of Dithmenos.
  4211 | D:3      | Found a stormy altar of Qazlal.
  4284 | D:3      | Found a hide-covered altar of Uskayaw.
  4466 | D:4      | Found a white marble altar of Elyvilon.
  4486 | D:4      | Noticed a lemure
  4486 | D:4      | Noticed a lemure
  4741 | D:4      | Noticed Pikel
  4742 | D:4      | Noticed a lemure
  4755 | D:4      | Noticed Eustachio
  4758 | D:4      | Found a staircase to the Ecumenical Temple.
  4770 | Temple   | Entered the Ecumenical Temple
  5905 | D:4      | Killed Eustachio
  5906 | D:4      | Reached skill level 6 in Stealth
  5906 | D:4      | Reached XP level 5. HP: 24/24 MP: 7/12
  5906 | D:4      | Reached XP level 6. HP: 28/28 MP: 7/13
  5983 | D:4      | Reached skill level 5 in Hexes
  6286 | D:4      | Found a glowing silver altar of Zin.
  6288 | D:4      | Found Zin's Purification Station.
  6322 | D:4      | Noticed Natasha
  6325 | D:4      | Killed Natasha
  6433 | D:4      | Noticed Robin
  6493 | D:5      | Entered Level 5 of the Dungeon
  6578 | D:4      | Killed Robin
  6970 | D:4      | Noticed Natasha
  6980 | D:4      | Killed Natasha
  6981 | D:4      | Reached skill level 5 in Dodging
  6981 | D:4      | Reached XP level 7. HP: 22/32 MP: 11/15
  7095 | D:4      | Noticed Natasha
  7103 | D:4      | Killed Natasha
  7234 | D:4      | Killed Pikel
  7235 | D:4      | Reached skill level 7 in Stealth
  7235 | D:4      | Reached skill level 5 in Spellcasting
  7647 | D:5      | Reached XP level 8. HP: 36/36 MP: 17/17
  7737 | D:5      | Reached skill level 8 in Stealth
  8368 | D:5      | Found a basalt altar of Yredelemnul.
  8797 | D:5      | Reached skill level 5 in Short Blades
  8934 | D:5      | Found a burning altar of Makhleb.
  9274 | D:5      | Reached skill level 9 in Stealth
  9417 | D:6      | Noticed Menkaure
  9818 | D:6      | Slain by Menkaure

Illustrated notes

Levels and vault maps discovered:
D:1:      psy_arrival_statuary, layout_loops_ring,
          hellmonk_ecumenical_altar_slurped_away, minmay_pentomino_z2
D:2:      layout_loops_cross, serial_rivers, chequers_serial_rivers_micro_a,
          chequers_serial_rivers_small_3, chequers_serial_rivers_micro_c,
          chequers_serial_rivers_small_3, chequers_serial_rivers_micro_b,
          chequers_serial_rivers_room_a, minmay_indecisive_spiral
D:3:      layout_rooms, grunt_qazlal_sundering, lemuel_doored_altar,
          amcnicky_altar_gilded
D:4:      layout_loops_cross, zin_purify, elyvilon_altar_3,
          minmay_temple_entry_waves, uniq_robin, uniq_eustachio, uniq_natasha,
          uniq_pikel
D:5:      layout_gridville, nicolae_yredelemnul_corpse_copse, marbit_many_paths
D:6:      layout_basic, trog_three_pillars_becter, minmay_misc_feat_square,
          uniq_blork_the_orc, uniq_menkaure
Temple:   grunt_temple_mini_profane

Skill      XL: |  1  2  3  4  5  6  7  8 |
---------------+-------------------------+-----
Dodging        | 3 4 5 6 7 |  7.3
Spellcasting   | 3 4 5 6 |  6.8
Hexes          | 4 5 6 7 |  7.3
Stealth        | 5 6 7 9 |  9.3
Short Blades   | 2 3 4 5 |  5.0

Action                   |  1- 3 |  4- 6 |  7- 9 || total
-------------------------+-------+-------+-------++-------
Melee: Dagger            |   140 |   209 |   170 ||   519
       Punch             |     1 |     1 |     2 ||     4
Throw: Throwing net      |     2 |       |       ||     2
 Cast: Ensorcelled Hiber |    20 |    33 |     6 ||    59
       Confusing Touch   |     2 |    11 |    30 ||    43
 Stab: Sleeping          |    15 |    24 |    10 ||    49
       Confused          |     2 |     7 |    15 ||    24
Armor: Robe              |    31 |    49 |    23 ||   103
Dodge: Dodged            |   119 |   208 |   115 ||   442
